 Dungeon Crawl Stone Soup version 0.19-a0-1091-g463c9de (webtiles) character file.

1968 FrancescoMac the Skirmisher (level 9, 0/79 HPs)
             Began as a Minotaur Hunter on Aug 7, 2016.
             Was a Priest of Trog.
             Slain by an ogre
             ... wielding a +0 giant club
              (33 damage)
             ... on level 6 of the Dungeon.
             The game lasted 00:19:14 (5583 turns).

FrancescoMac the Skirmisher (Minotaur Hunter)       Turns: 5583, Time: 00:19:15

Health: 0/79       AC:  8    Str: 18    XL:     9   Next: 0%
Magic:  8/8        EV: 16    Int:  8    God:    Trog [***...]
Gold:   234        SH:  0    Dex: 15    Spells: 0 memorised, 8 levels left

rFire  + . .     SeeInvis .     e - +0 short sword (protect)
rCold  . . .     Gourm    .     b - +0 leather armour
rNeg   . . .     Faith    .     (no shield)
rPois  .         Spirit   .     (helmet restricted)
rElec  .         Dismiss  .     (no cloak)
rCorr  .         Reflect  .     (no gloves)
SustAt .         Harm     +     (no boots)
MR     .....                    p - amulet of harm
Stlth  ++........               q - ring of fire
                                m - ring of protection from cold

@:
A: retaliatory headbutt, horns 2, thin skeletal structure 1, evolution 1
a: Berserk, Trog's Hand, Burn Spellbooks, Renounce Religion


You were on level 6 of the Dungeon.
You worshipped Trog.
Trog was most pleased with you.
You were not hungry.

You visited 1 branch of the dungeon, and saw 6 of its levels.

You collected 234 gold pieces.

Inventory:

Hand Weapons
 a - a +0 short sword
 c - a +0 short sword of flaming
 e - a +0 short sword of protection (weapon)
 r - a +0 short sword of speed
 C - a +0 long sword
 G - a cursed -2 long sword
Armour
 b - a +0 leather armour (worn)
Jewellery
 m - a ring of protection from cold (left hand)
 p - an amulet of harm (around neck)
 q - a ring of fire (right hand)
 w - a cursed ring of loudness
Wands
 d - a wand of paralysis (6/24)
 x - a wand of acid (5/15)
 B - a wand of iceblast (7/15)
Scrolls
 g - a scroll of fog {unknown}
 h - a scroll of random uselessness {unknown}
 s - 2 scrolls of fear {unknown}
 t - a scroll of noise {unknown}
 v - a scroll of amnesia {unknown}
 z - 4 scrolls of immolation {unknown}
 A - 2 scrolls of enchant armour {unknown}
 I - a scroll of remove curse {unknown}
Potions
 j - 3 potions of agility
 k - 3 potions of ambrosia
 n - a potion of brilliance
 o - 3 potions of cancellation
Books
 D - a book of Necromancy

   Spells                             Type                      Level
   a - Pain                           Necromancy                   1
   b - Animate Skeleton               Necromancy                   1
   c - Vampiric Draining              Necromancy                   3
   d - Regeneration                   Charms/Necromancy            3
   e - Animate Dead                   Necromancy                   4
   f - Control Undead                 Necromancy                   4
   Trog disapproves of the use of such an item.
Comestibles
 f - 4 bread rations
 l - 6 fruits
 E - a royal jelly


   Skills:
 + Level 7.6 Fighting
 + Level 5.8 Short Blades
 + Level 7.0 Throwing
 + Level 7.0 Dodging
 - Level 0.7 Stealth


You had 8 spell levels left.
You didn't know any spells.

Dungeon Overview and Level Annotations

Branches:
Dungeon (6/15)             Temple (0/1) D:6

Altars:
Ashenzari
Elyvilon
Gozag
Kikubaaqudgha
Makhleb
Nemelex Xobeh
Qazlal
Ru
Trog
Uskayaw
The Shining One

Shops:
D:5 *


Innate Abilities, Weirdness & Mutations

You reflexively headbutt those who attack you in melee.
You have a pair of horns on your head.
You have a somewhat thin skeletal structure. (Dex +2, Stealth)
You evolve.


Message History

Things that are here:
an enchanted scythe; a robe You start resting.
An ogre comes into view. It is wielding a giant club.
Throwing (i - inventory):
H - a throwing net (quivered)
Press: ? - help, Shift-Dir - straight line, f - ogre
Aim: an ogre, wielding a giant club (hasn't noticed you)
You throw a throwing net.
The throwing net barely misses the ogre.
The ogre closely misses you.
You hit the ogre.
The ogre is moderately wounded.
You hit the ogre.
The ogre is moderately wounded.
The ogre hits you with a giant club!
You hit the ogre.
You headbutt the ogre, but do no damage.
The ogre is heavily wounded.
The ogre hits you with a giant club!!
You die...

#######.............
#.......(...........
#...................
#......####+#.......
#....).#....#.......
#.....))....##+#####
#.....)#....##......
########......#######......
#.........@..>#.........)..
#........O....#............
#.............#...###..###.
#.............#+#####)####.
#.....(.......#...#........
#.............#...#........
#............>#...###..##..
#.............#'#####..##..
#..((((.......'........##..


You could see an ogre.

Vanquished Creatures
  A water moccasin (D:5)
  A sky beast (D:6)
  An orc warrior (D:6)
  4 ogres
  A phantom (D:5)
  The ghost of FrancescoMac the Chucker, an amateur MiHu (D:3)
  A centaur (D:6)
  Blork the orc (D:6)
  A howler monkey (D:4)
  A hound (D:4)
  2 crimson imps
  6 orc priests
  A jelly (D:5)
  2 giant frog skeletons
  A centaur skeleton (D:4)
  6 orc wizards
  5 iguanas
  4 worker ants
  4 gnolls (D:3)
  5 adders
  An ooze (D:1)
  An adder skeleton (D:6)
  A worm (D:2)
  3 dart slugs
  3 giant geckos
  21 orcs
  6 giant cockroaches
  8 goblins
  7 hobgoblins
  7 kobolds
  A quokka (D:3)
  6 bats
  5 giant newts
  6 rats
125 creatures vanquished.

Notes
Turn   | Place    | Note
-------+----------+-------------------------------------------
     0 | D:1      | FrancescoMac the Minotaur Hunter began the quest for the Orb.
     0 | D:1      | Reached XP level 1. HP: 18/18 MP: 0/0
   118 | D:1      | Reached XP level 2. HP: 25/25 MP: 1/1
   688 | D:2      | Reached XP level 3. HP: 31/31 MP: 2/2
   773 | D:2      | Found a hide-covered altar of Uskayaw.
   788 | D:2      | Found a white marble altar of Elyvilon.
   796 | D:2      | Found a sacrificial altar of Ru.
   799 | D:2      | Found a bloodstained altar of Trog.
   911 | D:2      | Became a worshipper of Trog the Wrathful
  1023 | D:2      | Found an opulent altar of Gozag.
  1168 | D:2      | Reached XP level 4. HP: 40/40 MP: 3/3
  1289 | D:2      | Found a stormy altar of Qazlal.
  1357 | D:2      | Found a glowing golden altar of the Shining One.
  1481 | D:3      | Noticed FrancescoMac's ghost (amateur MiHu)
  1488 | D:3      | Killed FrancescoMac's ghost
  1488 | D:3      | Reached skill level 1 in Short Blades
  1488 | D:3      | Reached XP level 5. HP: 42/46 MP: 4/4
  1567 | D:3      | Reached * piety under Trog
  1819 | D:3      | Reached skill level 5 in Throwing
  2048 | D:3      | Reached XP level 6. HP: 40/53 MP: 5/5
  2583 | D:4      | Found a burning altar of Makhleb.
  2642 | D:4      | Reached skill level 5 in Fighting
  2731 | D:4      | Reached ** piety under Trog
  2731 | D:4      | Reached XP level 7. HP: 61/61 MP: 6/6
  2771 | D:4      | Reached skill level 5 in Dodging
  2874 | D:4      | Found an ancient bone altar of Kikubaaqudgha.
  3425 | D:5      | Entered Level 5 of the Dungeon
  3550 | D:5      | Found a sparkling altar of Nemelex Xobeh.
  3704 | D:5      | Reached XP level 8. HP: 65/70 MP: 7/7
  3760 | D:5      | Found Jaggudy's General Store.
  3828 | D:5      | Found a shattered altar of Ashenzari.
  4366 | D:5      | Found a sparkling altar of Nemelex Xobeh.
  4412 | D:6      | Reached skill level 5 in Short Blades
  4432 | D:6      | Reached *** piety under Trog
  4632 | D:6      | Found a staircase to the Ecumenical Temple.
  5319 | D:6      | Noticed Blork the orc
  5325 | D:6      | Killed Blork the orc
  5362 | D:6      | Gained mutation: You evolve. [potion of mutation]
  5362 | D:6      | Gained mutation: You have a somewhat thin skeletal structure. (Dex +2, Stealth) [potion of mutation]
  5527 | D:6      | Reached XP level 9. HP: 40/79 MP: 8/8
  5583 | D:6      | Slain by an ogre

Vault maps used:
D:1:      dpeg_arrival_arbitrary_b, st_stairs_5
D:2:      tso_oasis_becter, grunt_temple_overflow_cloverleaf,
          lemuel_crystal_altar, overflow_temple_1_default, grunt_decor_arrowhead
D:3:      first_bread
D:4:      lemuel_crystal_altar, makhleb_heckhound_becter, st_stairs_3
D:5:      lemuel_crystal_altar, nicolae_overflow_hidden_temple, serial_shops,
          shop, nemelex_xobeh_ov_fountains_minmay
D:6:      sigmund_army, uniq_blork_the_orc

Skill      XL: |  1  2  3  4  5  6  7  8 |
---------------+-------------------------+-----
Fighting       | 3 4 5 6 7 |  7.6
Dodging        | 3 4 5 7 |  7.0
Short Blades   | 1 2 3 4 5 |  5.8
Throwing       | 5 6 7 |  7.0
Stealth        | |  0.7

Action                   |  1- 3 |  4- 6 |  7- 9 || total
-------------------------+-------+-------+-------++-------
Melee: Short sword       |    90 |    92 |   157 ||   339
       Headbutt          |    13 |    14 |    36 ||    63
Throw: Javelin           |    12 |    21 |    50 ||    83
       Throwing net      |       |     2 |     7 ||     9
       Tomahawk          |       |       |    16 ||    16
Invok: Berserk           |       |     1 |     1 ||     2
  Use: Scroll            |       |     3 |     4 ||     7
       Potion            |       |       |     1 ||     1
 Stab: Sleeping          |     1 |       |       ||     1
  Eat: Chunk             |     1 |     5 |     9 ||    15
       Fruit             |       |     1 |     1 ||     2
Armor: Leather armour    |    37 |    23 |    35 ||    95
Dodge: Dodged            |    46 |    58 |    95 ||   199
